MWL (24 & UNDER)
LEE'S SUMMIT TIGERS @ COLUMBIA 08S
09/25/2025
 
TOP OF THE 1ST
Lee's Summit Tigers batting - Pitching for Columbia 08s : LHP Glenn Fox
Pitching: LHP Glenn Fox
Batting: LHB Tomás Téllez 0-0: Called Strike
0-1: Ball
1-1: SINGLE (Line Drive, 3)
Batting: LHB Henry Durham 0-0: Ball
1-0: Swinging Strike
1-1: Fielders Choice at 2nd, 2-6 (Groundball, 2L)
Batting: RHB Oliver Todd 0-0: Grounds into double play, 5-4-3 (Groundball, 5)
Top of the 1st over - 0 run(s), 1 hit(s), 0 error(s), 0 left on base; Lee's Summit 0 - Columbia 0
BOTTOM OF THE 1ST
Columbia 08s batting - Pitching for Lee's Summit Tigers : RHP Todd Brewster
Pitching: RHP Todd Brewster
Batting: RHB Ben Barker 0-0: Ball
1-0: Foul Ball, location: 2F
1-1: Ball
2-1: Foul Ball, location: 2F
2-2: Ball
3-2: Base on Balls
Batting: RHB Nicoli Turina 0-0: Grounds into double play, 6-4-3 (Groundball, 6M)
Batting: RHB Jorge Mora 0-0: Called Strike
0-1: Ball
1-1: Swinging Strike
1-2: Ball
2-2: Fly out, F8 (Flyball, 8RS)
Bottom of the 1st over - 0 run(s), 0 hit(s), 0 error(s), 0 left on base; Lee's Summit 0 - Columbia 0
TOP OF THE 2ND
Lee's Summit Tigers batting - Pitching for Columbia 08s : LHP Glenn Fox
Batting: LHB Edward Rose 0-0: Ball
1-0: Called Strike
1-1: SINGLE (Line Drive, 9LS)
Batting: RHB Flint Todd 0-0: Called Strike
0-1: Fly out, F9 (Flyball, 9M)
Batting: RHB José López 0-0: Called Strike
0-1: Swinging Strike
0-2: Ball
1-2: Ball
2-2: Foul Ball, location: 2F
2-2: Foul Ball, location: 2F
2-2: Ball
3-2: Strikes out swinging
Batting: RHB Rusty Bennett 0-0: Foul Ball, location: 2F
0-1: Ball
1-1: Called Strike
1-2: Ball
2-2: Ground out 1-3 (Groundball, 13)
Top of the 2nd over - 0 run(s), 1 hit(s), 0 error(s), 1 left on base; Lee's Summit 0 - Columbia 0
BOTTOM OF THE 2ND
Columbia 08s batting - Pitching for Lee's Summit Tigers : RHP Todd Brewster
Batting: RHB Pat Fernández 0-0: Fly out, F8 (Flyball, 8LXD)
Batting: LHB Ramiro Muńóz 0-0: Called Strike
0-1: Ball
1-1: SINGLE (Groundball, 34D)
Batting: RHB Ernesto Villa 0-0: Ball
1-0: Ball
2-0: SINGLE (Groundball, 34D)
Ramiro Muńóz to second
Runner from 2nd tries for 3rd, SAFE, throw made to third
Batting: RHB José Orozco 0-0: Ball
1-0: Fly out, F4 (Line Drive, 4M)
Batting: RHB Carlos López 0-0: Called Strike
0-1: Swinging Strike
0-2: Ball
1-2: Strikes out looking
Bottom of the 2nd over - 0 run(s), 2 hit(s), 0 error(s), 2 left on base; Lee's Summit 0 - Columbia 0
TOP OF THE 3RD
Lee's Summit Tigers batting - Pitching for Columbia 08s : LHP Glenn Fox
Batting: RHB Gustavo Valle 0-0: Ball
1-0: Called Strike
1-1: Ground out 6-3 (Groundball, 6)
Batting: LHB Darren Holland 0-0: Ball
1-0: Ball
2-0: Ball
3-0: Called Strike
3-1: Foul Ball, location: 2F
3-2: Base on Balls
Batting: LHB Tomás Téllez 0-0: Called Strike
0-1: Ball
1-1: DOUBLE (Groundball, 3L)
Darren Holland to third
Batting: LHB Henry Durham 0-0: Ball
1-0: Fly out, F7 (Flyball, 7M)
Runner from 3rd tags up, SCORES, no throw
Batting: RHB Oliver Todd 0-0: Ball
1-0: Ball
2-0: Foul Ball, location: 2F
2-1: Called Strike
2-2: Fly out, F7 (Flyball, 78D)
Top of the 3rd over - 1 run(s), 1 hit(s), 0 error(s), 1 left on base; Lee's Summit 1 - Columbia 0
BOTTOM OF THE 3RD
Columbia 08s batting - Pitching for Lee's Summit Tigers : RHP Todd Brewster
Batting: LHB Claudio Palácios 0-0: Ball
1-0: Fly out, F6 (Popup, 56)
Batting: RHB Ben Barker 0-0: Ball
1-0: Ball
2-0: Ground out 5-3 (Groundball, 5S)
Batting: RHB Nicoli Turina 0-0: Ball
1-0: Ball
2-0: Ball
3-0: Base on Balls
Batting: RHB Jorge Mora 0-0: SINGLE (Flyball, 78S)
Nicoli Turina to second
Batting: RHB Pat Fernández 0-0: Ball
1-0: Called Strike
1-1: Foul Ball, location: 2F
Single, Error in OF, E8, batter to second base
Nicoli Turina scores
Jorge Mora to third
Batting: LHB Ramiro Muńóz 0-0: Ball
1-0: Ground out 5-3 (Groundball, 56S)
Bottom of the 3rd over - 1 run(s), 2 hit(s), 1 error(s), 2 left on base; Lee's Summit 1 - Columbia 1
TOP OF THE 4TH
Lee's Summit Tigers batting - Pitching for Columbia 08s : LHP Glenn Fox
Batting: LHB Edward Rose 0-0: SINGLE (Groundball, 56D)
Batting: RHB Flint Todd 0-0: Ball
1-0: Called Strike
1-1: Foul Ball, location: 2F
1-2: Foul Ball, location: 2F
1-2: SINGLE (Line Drive, 4MD)
Edward Rose to second
Batting: RHB José López 0-0: Called Strike
0-1: Foul Ball, location: 2F
0-2: Ball
1-2: Fly out, F9 (Flyball, 9M)
Batting: RHB Rusty Bennett 0-0: Called Strike
0-1: Ground out U3 (Groundball, 3S)
Edward Rose to third
Flint Todd to second
Batting: RHB Gustavo Valle 0-0: Foul Ball, location: 2F
0-1: Foul Ball, location: 2F
0-2: Ball
1-2: Ball
2-2: Strikes out swinging
Top of the 4th over - 0 run(s), 2 hit(s), 0 error(s), 2 left on base; Lee's Summit 1 - Columbia 1
BOTTOM OF THE 4TH
Columbia 08s batting - Pitching for Lee's Summit Tigers : RHP Todd Brewster
Batting: RHB Ernesto Villa 0-0: Ball
1-0: Foul Ball, location: 2F
1-1: Swinging Strike
1-2: Ground out 4-3 (Groundball, 34)
Batting: RHB José Orozco 0-0: Called Strike
0-1: Ball
1-1: Ball
2-1: Foul Ball, location: 2F
2-2: Strikes out swinging
Batting: RHB Carlos López 0-0: Called Strike
0-1: Ball
1-1: Called Strike
1-2: Foul Ball, location: 2F
1-2: Ball
2-2: Ball
3-2: Foul Ball, location: 2F
3-2: Foul Ball, location: 2F
3-2: Base on Balls
Batting: LHB Claudio Palácios 0-0: Ball
1-0: Ball
2-0: Called Strike
2-1: SINGLE (Groundball, 4MD)
Carlos López to second
Batting: RHB Ben Barker 0-0: Swinging Strike
0-1: Ball
1-1: Ball
2-1: Foul Ball, location: 2F
2-2: Strikes out swinging
Bottom of the 4th over - 0 run(s), 1 hit(s), 0 error(s), 2 left on base; Lee's Summit 1 - Columbia 1
TOP OF THE 5TH
Lee's Summit Tigers batting - Pitching for Columbia 08s : LHP Glenn Fox
Batting: LHB Darren Holland 0-0: Fly out, F5 (Popup, 5F)
Batting: LHB Tomás Téllez 0-0: Called Strike
0-1: Ball
1-1: Ball
2-1: Ground out 5-3 (Groundball, 56)
Batting: LHB Henry Durham 0-0: Ball
1-0: Called Strike
1-1: Ball
2-1: Ball
3-1: Ground out U3 (Groundball, 3S)
Top of the 5th over - 0 run(s), 0 hit(s), 0 error(s), 0 left on base; Lee's Summit 1 - Columbia 1
BOTTOM OF THE 5TH
Columbia 08s batting - Pitching for Lee's Summit Tigers : RHP Todd Brewster
Batting: RHB Nicoli Turina 0-0: Called Strike
0-1: Called Strike
0-2: Foul Ball, location: 2F
0-2: Ball
1-2: Ball
2-2: Foul Ball, location: 2F
2-2: Ground out 5-3 (Groundball, 5L)
Batting: RHB Jorge Mora 0-0: Ball
1-0: Ball
2-0: Foul Ball, location: 2F
2-1: Ball
3-1: Base on Balls
Batting: RHB Pat Fernández 0-0: Ball
1-0: Called Strike
1-1: Swinging Strike
1-2: Strikes out swinging
Batting: LHB Ramiro Muńóz 0-0: Called Strike
0-1: Swinging Strike
0-2: Foul Ball, location: 2F
0-2: Ground out 6-3 (Groundball, 6)
Bottom of the 5th over - 0 run(s), 0 hit(s), 0 error(s), 1 left on base; Lee's Summit 1 - Columbia 1
TOP OF THE 6TH
Lee's Summit Tigers batting - Pitching for Columbia 08s : LHP Glenn Fox
Batting: RHB Oliver Todd 0-0: Foul Ball, location: 2F
0-1: Called Strike
0-2: Ground out 4-3 (Groundball, 4)
Batting: LHB Edward Rose 0-0: Ball
1-0: Called Strike
1-1: Foul Ball, location: 2F
1-2: Ball
2-2: Fly out, F8 (Flyball, 4MD)
Batting: RHB Flint Todd 0-0: Foul Ball, location: 2F
0-1: Ball
1-1: Ground out 5-3 (Groundball, 56)
Top of the 6th over - 0 run(s), 0 hit(s), 0 error(s), 0 left on base; Lee's Summit 1 - Columbia 1
BOTTOM OF THE 6TH
Columbia 08s batting - Pitching for Lee's Summit Tigers : RHP Todd Brewster
Pitching: RHP Jeff Mann
Batting: RHB Ernesto Villa 0-0: Called Strike
0-1: Ball
1-1: Fly out, F9 (Flyball, 89M)
Batting: RHB José Orozco 0-0: Foul Ball, location: 2F
0-1: Swinging Strike
0-2: Strikes out swinging
Batting: RHB Carlos López 0-0: Called Strike
0-1: Called Strike
0-2: Ball
1-2: Ball
2-2: Strikes out swinging
Bottom of the 6th over - 0 run(s), 0 hit(s), 0 error(s), 0 left on base; Lee's Summit 1 - Columbia 1
TOP OF THE 7TH
Lee's Summit Tigers batting - Pitching for Columbia 08s : LHP Glenn Fox
Pinch Hitting: LHB José López 0-0: Ball
1-0: Ground out 4-3 (Groundball, 4M)
Batting: RHB Rusty Bennett 0-0: Ball
1-0: Called Strike
1-1: Ground out 5-3 (Groundball, 56)
Batting: RHB Gustavo Valle 0-0: Ball
1-0: Swinging Strike
1-1: Ground out 5-3 (Groundball, 5S)
Top of the 7th over - 0 run(s), 0 hit(s), 0 error(s), 0 left on base; Lee's Summit 1 - Columbia 1
BOTTOM OF THE 7TH
Columbia 08s batting - Pitching for Lee's Summit Tigers : RHP Jeff Mann
Now in CF: José López
Batting: LHB Claudio Palácios 0-0: Ground out 4-3 (Groundball, 34)
Batting: RHB Ben Barker 0-0: Ball
1-0: Called Strike
1-1: Fly out, F7 (Flyball, 78M)
Batting: RHB Nicoli Turina 0-0: Fly out, F6 (Popup, 5DF)
Bottom of the 7th over - 0 run(s), 0 hit(s), 0 error(s), 0 left on base; Lee's Summit 1 - Columbia 1
TOP OF THE 8TH
Lee's Summit Tigers batting - Pitching for Columbia 08s : LHP Glenn Fox
Pitching: RHP Irwin Conway
Pinch Hitting: RHB Michael Hall 0-0: Called Strike
0-1: Ball
1-1: Swinging Strike
1-2: Foul Ball, location: 2F
1-2: Strikes out looking
Batting: LHB Tomás Téllez 0-0: Ball
1-0: Called Strike
1-1: Swinging Strike
1-2: SINGLE (Groundball, 34)
Pinch Runner at 1st Juan Glaviz:
Batting: LHB Henry Durham 0-0: Called Strike
Juan Glaviz steals 2nd base
0-1: Swinging Strike
Single, Error in OF, E8, batter to second base
Juan Glaviz scores
Batting: RHB Oliver Todd 0-0: Ball
1-0: Swinging Strike
1-1: Swinging Strike
1-2: Foul Ball, location: 2F
1-2: Ball
2-2: Foul Ball, location: 2F
2-2: Strikes out swinging
Batting: LHB Edward Rose 0-0: Called Strike
0-1: Ball
1-1: Foul Ball, location: 2F
1-2: Strikes out looking
Top of the 8th over - 1 run(s), 2 hit(s), 1 error(s), 1 left on base; Lee's Summit 2 - Columbia 1
BOTTOM OF THE 8TH
Columbia 08s batting - Pitching for Lee's Summit Tigers : RHP Jeff Mann
Pitching: LHP Pedro Rodríguez
Now at SS: Michael Hall
Batting: RHB Jorge Mora 0-0: Called Strike
0-1: Ball
1-1: Called Strike
1-2: Strikes out swinging
Pitching: RHP Javier Pacheco
Batting: RHB Pat Fernández 0-0: DOUBLE (Flyball, 78D)
Batting: LHB Ramiro Muńóz 0-0: Foul Ball, location: 2F
0-1: Swinging Strike
0-2: Foul Ball, location: 2F
0-2: Strikes out looking
Pinch Hitting: RHB Chris Burrell 0-0: Ball
1-0: Ball
2-0: Ball
3-0: Base on Balls
Batting: RHB José Orozco 0-0: Called Strike
0-1: Called Strike
0-2: Ball
1-2: Strikes out looking
Bottom of the 8th over - 0 run(s), 1 hit(s), 0 error(s), 2 left on base; Lee's Summit 2 - Columbia 1
TOP OF THE 9TH
Lee's Summit Tigers batting - Pitching for Columbia 08s : RHP Irwin Conway
Pitching: RHP Errol Murphy
Now at 2B: Henry Fox
Batting: RHB Flint Todd 0-0: Swinging Strike
0-1: Ball
1-1: Called Strike
1-2: Strikes out looking
Batting: LHB José López 0-0: Called Strike
0-1: Ground out 4-3 (Groundball, 4)
Batting: RHB Rusty Bennett 0-0: Called Strike
0-1: Swinging Strike
0-2: Strikes out looking
Top of the 9th over - 0 run(s), 0 hit(s), 0 error(s), 0 left on base; Lee's Summit 2 - Columbia 1
BOTTOM OF THE 9TH
Columbia 08s batting - Pitching for Lee's Summit Tigers : RHP Javier Pacheco
Pitching: RHP John Martínez
Now in CF: Kyle Baylor
Batting: RHB Carlos López 0-0: Ball
1-0: Ground out 4-3 (Groundball, 4M)
Batting: LHB Claudio Palácios 0-0: Ball
1-0: Ground out U3 (Groundball, 3S)
Batting: RHB Ben Barker 0-0: Ball
1-0: Fly out, F6 (Popup, 6MD)
Bottom of the 9th over - 0 run(s), 0 hit(s), 0 error(s), 0 left on base; Lee's Summit 2 - Columbia 1
This league is powered by Out of the Park Baseball, the baseball management simulation game for PC, Mac and Linux
Tuesday, August 2nd, 2016 - OOTP Baseball 16.8 Build 38